 Dungeon Crawl Stone Soup version 0.29.1-2-gbd0b4ee654 (webtiles) character file.

Game seed: 2298175875977190346

357 Icepheonix32 the Trooper (level 6, 0/57 HPs)
             Began as a Minotaur Fighter on Oct 24, 2022.
             Was an Initiate of Okawaru.
             Killed from afar by an orc wizard (6 damage)
             ... with a puff of flame
             ... on level 5 of the Dungeon.
             The game lasted 00:06:22 (4527 turns).

Icepheonix32 the Trooper (Minotaur Fighter)         Turns: 4527, Time: 00:06:22

Health: 0/57       AC:  9    Str: 21    XL:     6   Next: 37%
Magic:  5/5        EV: 10    Int:  5    God:    Okawaru [......]
Gold:   222        SH:  0    Dex:  9    Spells: 5/5 levels left

rFire   . . .      SeeInvis .   g - +1 triple sword
rCold   . . .      Faith    .   (shield currently unavailable)
rNeg    . . .      Spirit   .   b - +0 scale mail
rPois   .          Reflect  .   (helmet restricted)
rElec   .          Harm     .   i - +0 cloak
rCorr   .          Rampage  .   d - +0 pair of gloves
Will    .....                   (no boots)
Stlth   ..........              (no amulet)
HPRegen 0.19/turn               (no ring)
MPRegen 0.09/turn               (no ring)

@: no status effects
A: horns 2, retaliatory headbutt, dopey 1, wild magic 1
a: Renounce Religion


You were on level 5 of the Dungeon.
You worshipped Okawaru.
Okawaru was noncommittal.
You visited 2 branches of the dungeon, and saw 6 of its levels.

You collected 222 gold pieces.

Inventory:

Hand Weapons
 a - a +0 war axe
 g - a +1 triple sword (weapon)
Missiles
 p - 6 datura-tipped darts (quivered)
Armour
 b - a +0 scale mail (worn)
 c - a +0 buckler
 d - a +0 pair of gloves (worn)
 i - a +0 cloak (worn)
 v - a +0 chain mail
Jewellery
 n - a ring of ice
Wands
 o - a wand of flame (19)
Scrolls
 k - 2 scrolls of poison
 l - a scroll of magic mapping
 m - a scroll of teleportation
 q - a scroll of fear
 s - a scroll of blinking
Potions
 f - a potion of lignification
 h - 3 potions of curing
 j - 2 potions of mutation
 r - 2 potions of invisibility


   Skills:
 * Level 6.2 Fighting
 + Level 4.6 Long Blades
 - Level 2.4 Axes
 + Level 4.7 Armour
 + Level 1.1 Dodging
 + Level 3.7 Shields


You had 5 spell levels left.
You didn't know any spells.
Your spell library contained the following spells:

 Spells                   Type           Power      Damage    Failure   Level
 Beastly Appendage        Tmut           0%         N/A       86%         1
 Wereblood                Tmut           0%         N/A       95%         2
 Portal Projectile        Hex/Tloc       0%         N/A       99%         3
 Spider Form              Tmut/Pois      0%         N/A       99%         3
 Leda's Liquefaction      Hex/Erth       0%         N/A       100%        4
 Conjure Ball Lightning   Conj/Air       0%         3x3d6     100%        6
 Discord                  Hex            0%         N/A       100%        8
 Disjunction              Tloc           0%         N/A       100%        8
 Call Canine Familiar     Summ           Unusable   N/A       N/A         3

Dungeon Overview and Level Annotations

Branches:
Dungeon (5/15)             Temple (1/1) D:5

Altars:
Cheibriados
Elyvilon
Fedhas
Gozag
Hepliaklqana
Kikubaaqudgha
Makhleb
Nemelex Xobeh
Okawaru
Qazlal
Trog
Uskayaw
Vehumet
Wu Jian
Xom
Yredelemnul
Zin
The Shining One


Innate Abilities, Weirdness & Mutations

You have a pair of horns on your head.
You reflexively headbutt those who attack you in melee.
You are dopey. (Int -2)
Your spells are a little harder to cast, but a little more powerful.


Message History

You hear some strange, mumbled words.
You are confused.
You completely miss something. Something hits you but does no damage.
You closely miss something.
Something hits you but does no damage. x2
Unknown command.
You closely miss something. Your headbutt misses something.
Something hits you but does no damage.
You bump into the rock wall.
Something hits you.
* * * LOW HITPOINT WARNING * * *
Unknown command.
You feel better. Something hits you.
* * * LOW HITPOINT WARNING * * *
You closely miss something.
Something hits you but does no damage. x2
You miss something. Your headbutt misses something.
Something hits you but does no damage.
You closely miss something. Something hits you.
* * * LOW HITPOINT WARNING * * *
Something hits you but does no damage.
You hit something. Something hits you.
* * * LOW HITPOINT WARNING * * *
Something hits you but does no damage.
You hit something but do no damage. You headbutt something.
An orc wizard appears from thin air!
Reactivating autopickup.
The orc wizard barely misses you.
You barely miss the orc wizard.
The orc wizard is almost dead.
The orc wizard barely misses you. You furiously retaliate!
You headbutt the orc wizard, but do no damage.
The orc wizard gestures at you while chanting.
The puff of flame hits you!
* * * LOW HITPOINT WARNING * * *
You closely miss the orc wizard.
The orc wizard is almost dead.
The orc wizard hits you but does no damage.
You closely miss the orc wizard. Your headbutt misses the orc wizard.
The orc wizard is almost dead.
The orc wizard casts a spell at you. The puff of flame hits you.
You die...

.... #..#
.... #.##
.... #.#
.... ##.#
.... #..#
.... #..#
.... #..#
...# ##..#
#)@.#
#..)o##
#......
.........#
###.......
.........#
##.......##
#########


You could see an orc wizard.

Vanquished Creatures
  An ogre (D:5)
  A hound (D:5)
  A jelly (D:4)
  An orc wizard (D:5)
  An iguana (D:5)
  6 adders
  An ufetubus (D:4)
  A worm (D:3)
  A dart slug (D:2)
  15 orcs
  6 bats
  4 endoplasms
  2 giant cockroaches
  5 hobgoblins
  4 quokkas
  11 ball pythons
  8 frilled lizards
  10 goblins
  4 kobolds
  4 rats (D:1)
87 creatures vanquished.

Notes
Turn   | Place    | Note
-------+----------+-------------------------------------------
     0 | D:1      | Icepheonix32 the Minotaur Fighter began the quest for the
                  | Orb.
     0 | D:1      | Reached XP level 1. HP: 19/19 MP: 0/0
   105 | D:1      | Reached skill level 4 in Fighting
   279 | D:1      | Reached XP level 2. HP: 24/27 MP: 1/1
  1206 | D:1      | Gained mutation: You are dopey. (Int -2) [potion of
                  | mutation]
  1206 | D:1      | Gained mutation: Your spells are a little harder to cast,
                  | but a little more powerful. [potion of mutation]
  1408 | D:2      | Reached XP level 3. HP: 34/34 MP: 2/2
  1462 | D:2      | Reached skill level 1 in Long Blades
  1945 | D:3      | Reached XP level 4. HP: 11/41 MP: 3/3
  2080 | D:3      | Reached skill level 5 in Fighting
  2459 | D:3      | Found a faded altar of an unknown god.
  3126 | D:4      | Reached XP level 5. HP: 36/48 MP: 4/4
  3586 | D:5      | Entered Level 5 of the Dungeon
  3602 | D:5      | Reached skill level 1 in Dodging
  3801 | D:5      | Noticed an ogre
  3805 | D:5      | Killed an ogre
  3806 | D:5      | Reached XP level 6. HP: 57/57 MP: 5/5
  3884 | D:5      | Found a staircase to the Ecumenical Temple.
  3952 | Temple   | Entered the Ecumenical Temple
  4278 | Temple   | Became a worshipper of Warmaster Okawaru
  4359 | D:5      | Reached skill level 6 in Fighting
  4527 | D:5      | Killed from afar by an orc wizard

Illustrated notes

Levels and vault maps discovered:
D:1:      nicolae_arrival_memento_mori, layout_basic, kennysheep_boxes
D:2:      layout_rooms
D:3:      layout_basic, dreamdust_ecumenical_altar_statues
D:4:      layout_rooms
D:5:      layout_cave_pods, minmay_temple_entry_statues_fountains, st_stairs_1
Temple:   dpeg_five_rooms_temple

Skill      XL: |  1  2  3  4  5  6 |
---------------+-------------------+-----
Fighting       | 4 5 6 |  6.2
Long Blades    | 1 3 4 |  4.6
Armour         | 4 |  4.7
Dodging        | 1 |  1.1
Axes           | |  2.4
Shields        | |  3.7

Action                   |  1- 3 |  4- 6 || total
-------------------------+-------+-------++-------
Melee: Triple sword      |   107 |   116 ||   223
       War axe           |     5 |       ||     5
       Headbutt          |     7 |    17 ||    24
  Use: Scroll            |     5 |     7 ||    12
       Potion            |     3 |     2 ||     5
Armor: Scale mail        |    97 |   109 ||   206
Dodge: Dodged            |    90 |    79 ||   169
Block: Buckler           |     2 |       ||     2
